 Dungeon Crawl Stone Soup version 0.21.0-25-ge575cb9ce8 (webtiles) character file.

31 Rrauwl the Caller (level 3, -7/26 HPs)
             Began as a Barachi Summoner on Jan 24, 2018.
             Mangled by a gnoll
             ... wielding a cursed +0 spear
              (8 damage)
             ... on level 2 of the Dungeon.
             The game lasted 00:04:00 (847 turns).

Rrauwl the Caller (Barachi Summoner)                 Turns: 847, Time: 00:04:00

Health: -7/26      AC:  6    Str: 10    XL:     3   Next: 22%
Magic:  4/7        EV: 12    Int: 15    God:
Gold:   37         SH:  0    Dex: 12    Spells: 6/7 levels left

rFire    . . .     SeeInvis .   a - +1 whip (flame)
rCold    . . .     Gourm    .   (no shield)
rNeg     . . .     Faith    .   g - +0 robe
rPois    .         Spirit   .   e - +2 helmet
rElec    .         Reflect  .   (no cloak)
rCorr    .         Harm     .   i - +0 pair of gloves
MR       +....                  (no boots)
Stlth    ++........             (no amulet)
HPRegen  0.08/turn              (no ring)
MPRegen  0.10/turn              (no ring)

@: slow
A: +LOS, swims, high mp 1, magic resistance 1, screaming 1, slowness 1, strong
legs 1
a: Hop


You were on level 2 of the Dungeon.
You were not hungry.

You visited 1 branch of the dungeon, and saw 2 of its levels.

You collected 37 gold pieces.

Inventory:

Hand Weapons
 a - a +1 whip of flaming (weapon)
Armour
 e - a +2 helmet (worn)
 g - a +0 robe (worn)
 i - a +0 pair of gloves (worn)
Scrolls
 d - 3 scrolls of identify {unknown}
 h - a scroll of enchant weapon {unknown}
Potions
 j - a potion of magic
Books
 b - a book of Callings

   Spells                             Type                      Level
   a - Summon Small Mammal            Summoning                    1
   b - Call Imp                       Summoning                    2
   c - Call Canine Familiar           Summoning                    3
   d - Summon Guardian Golem          Hexes/Summoning              3
   e - Summon Lightning Spire         Summoning/Air                4
   f - Summon Ice Beast               Ice/Summoning                4
Comestibles
 c - 4 rations
 f - 4 chunks of flesh


   Skills:
 + Level 1.5 Fighting
 - Level 2.1 Dodging
 - Level 2.0 Stealth
 + Level 2.7 Spellcasting
 + Level 5.3 Summonings


You had 6 spell levels left.
You knew the following spells:

 Your Spells              Type           Power        Failure   Level  Hunger
a - Summon Small Mammal   Summ           ###.         2%          1    #......


Dungeon Overview and Level Annotations

Branches:
Dungeon (2/15)

Altars:


Innate Abilities, Weirdness & Mutations

Shadows flee at your approach. (+LOS)
You can swim through water.
You cover ground slowly.
You can hop short distances.
You have an increased reservoir of magic. (+10% MP)
You are resistant to hostile enchantments. (MR+)
You occasionally shout uncontrollably at your foes.


Message History

You closely miss the gnoll.
The gnoll is almost dead.
Your bat closely misses the gnoll.
Your bat hits the gnoll. The gnoll closely misses you.
The kobold closely misses your bat. The gnoll hits you!
* * * LOW HITPOINT WARNING * * *
Your bat hits the gnoll. The gnoll closely misses you.
Your quokka barely misses the gnoll.
The gnoll closely misses you.
You closely miss the gnoll.
The gnoll is almost dead.
Your bat hits the gnoll but does no damage.
Your bat barely misses the kobold.
Your bat hits the gnoll but does no damage.
Your bat barely misses the kobold.
The kobold hits your bat but does no damage.
Your quokka misses the gnoll. The gnoll barely misses you.
The gnoll hits you but does no damage. The gnoll hits you with a whip.
* * * LOW HITPOINT WARNING * * *
The gnoll hits you with a spear!
You die...

............#
............# #.#
.......(....+ ..#
............# #..
............# #.#
.......b.>..# #.# ###
.....K.r....# ##.# #..
......bggg..#.##.# #.#
.......g@...#.##.###.#.#
..............#......#.##
######+####.###..##..#<..
#....)..#..##.#
#......###..........
######.#....######.#
#.#.#.#.......#
#.#.#.##.###...
#.#...##.# #.##


You could see 4 gnolls, a kobold, a friendly quokka and 2 friendly bats.

Vanquished Creatures
  An ooze (D:1)
  A dart slug (D:2)
  A leopard gecko (D:1)
  4 goblins (D:1)
  2 hobgoblins (D:1)
  3 bats (D:1)
  A frilled lizard (D:1)
  A kobold (D:2)
  3 rats (D:1)
17 creatures vanquished.

Vanquished Creatures (collateral kills)
  A worm (D:2)
  A dart slug (D:1)
  A bat (D:1)
  A kobold (D:1)
  2 frilled lizards (D:1)
  A rat (D:1)
7 creatures vanquished.

Grand Total: 24 creatures vanquished

Notes
Turn   | Place    | Note
-------+----------+-------------------------------------------
     0 | D:1      | Rrauwl the Barachi Summoner began the quest for the Orb.
     0 | D:1      | Reached XP level 1. HP: 13/13 MP: 3/3
    66 | D:1      | Reached skill level 5 in Summonings
   230 | D:1      | Reached XP level 2. HP: 20/20 MP: 5/5
   375 | D:1      | Reached skill level 1 in Fighting
   407 | D:1      | Reached XP level 3. HP: 6/26 MP: 4/6
   676 | D:1      | Gained mutation: You occasionally shout uncontrollably at your foes. [potion of mutation]
   676 | D:1      | Gained mutation: You are resistant to hostile enchantments. (MR+) [potion of mutation]
   676 | D:1      | Gained mutation: You have an increased reservoir of magic. (+10% MP) [potion of mutation]
   847 | D:2      | HP: 1/26 [gnoll/whip (6)]
   847 | D:2      | Mangled by a gnoll

Skill      XL: |  1  2 |
---------------+-------+-----
Summonings     | 5 |  5.3
Stealth        | 2 |  2.0
Fighting       | 1 |  1.5
Dodging        | |  2.1
Spellcasting   | |  2.7

Action                   || total
-------------------------++-------
Melee: Unarmed           ||    13
       Whip              ||    57
 Cast: Summon Small Mamm ||    14
  Use: Potion            ||     3
 Stab: Sleeping          ||     2
Armor: Robe              ||    12
Dodge: Dodged            ||    57
